 Dungeon Crawl Stone Soup version 0.21.1-1-g345015fe64 (webtiles) character file.

62 Redear the Sneak (level 3, -3/17 HPs)
             Began as a Felid Monk on Mar 10, 2018.
             Slain by an adder (5 damage)
             ... on level 3 of the Dungeon.
             The game lasted 00:03:24 (879 turns).

Redear the Sneak (Felid Monk)                        Turns: 879, Time: 00:03:24

Health: -3/17      AC:  1    Str:  7    XL:     3   Next: 85%
Magic:  4/4        EV: 20    Int: 11    God:
Gold:   108        SH:  0    Dex: 19    Spells: 2/2 levels left
                                        Lives:  0   Deaths: 0

rFire    . . .     SeeInvis +     - Unarmed
rCold    . . .     Gourm    .   (shield unavailable)
rNeg     . . .     Faith    .   (armour unavailable)
rPois    .         Spirit   .   (helmet unavailable)
rElec    .         Reflect  .   (cloak unavailable)
rCorr    .         Harm     .   (gloves unavailable)
MR       .....                  (boots unavailable)
Stlth    ++++......             (no amulet)
HPRegen  0.05/turn              (no ring)
MPRegen  0.09/turn              (no ring)

@: lethally poisoned (-3 -> -7), quick
A: very small, no armour, no weapons or thrown items, stealth, claws 1, fangs 3,
see invisible, carnivore, speed 1, shaggy fur 1, slow metabolism 1, sharp paws
a: no special abilities


You were on level 3 of the Dungeon.
You were not hungry.

You visited 1 branch of the dungeon, and saw 3 of its levels.

You collected 108 gold pieces.

Inventory:

Scrolls
 b - 5 scrolls of identify {unknown}
 c - 2 scrolls of enchant weapon {unknown}
 f - a scroll of remove curse {unknown}
Potions
 d - a potion of heal wounds {unknown}
 e - a potion of curing {unknown}
Comestibles
 a - 2 rations


   Skills:
 - Level 3.0 Fighting
 - Level 4.0 Dodging
 + Level 6.1 Stealth
 - Level 3.0 Unarmed Combat


You had 2 spell levels left.
You didn't know any spells.

Dungeon Overview and Level Annotations

Branches:
Dungeon (3/15)

Altars:


Innate Abilities, Weirdness & Mutations

You cannot wear armour.
You are incapable of wielding weapons or throwing items.
Your paws allow you to move quietly. (Stealth)
You have sharp claws.
You have razor-sharp teeth.
You have supernaturally acute eyesight. (SInv)
You are carnivorous and can eat meat at any time.
You cover ground quickly.
You are covered in fur. (AC +1)
You have a slow metabolism.
Your sharp claws are effective at attacking unaware monsters.


Message History

The adder bites you.
You see here an adder corpse.
You closely miss the adder. Your bite misses the adder. The adder bites you.
You scratch the adder.
The adder is moderately wounded.
The adder misses you.
You scratch the adder.
The adder is heavily wounded.
The adder closely misses you.
You closely miss the adder.
The adder is heavily wounded.
The adder bites you.
* * * LOW HITPOINT WARNING * * *
You are lethally poisoned!
The adder poisons you!
You scratch the adder but do no damage. Your bite misses the adder.
The adder is heavily wounded.
* * * LOW HITPOINT WARNING * * *
You feel sick. The adder bites you.
You die...

#..# #........ #..# #.........
#..# # #.......... #..#
..#+########.......... #..#
#....................# #.<#
.....................#
#.########....................#
#........#......S......(......#
###...##.#......@.............#
#...# .#...............)....#
#...##.#....................#
#......#(...................#
#.....................#######
#....####.............##
#....#.................#
#....#.##..............#
#......##...[..........#


You could see an adder.

Vanquished Creatures
  A hound (D:3)
  An adder (D:3)
  A worm (D:2)
  A dart slug (D:2)
  An orc (D:3)
  4 giant cockroaches (D:2)
  2 goblins (D:2)
  A hobgoblin (D:2)
  A frilled lizard (D:2)
  3 kobolds
  A rat (D:3)
17 creatures vanquished.

Notes
Turn   | Place    | Note
-------+----------+-------------------------------------------
     0 | D:1      | Redear the Felid Monk began the quest for the Orb.
     0 | D:1      | Reached XP level 1. HP: 10/10 MP: 2/2
   108 | D:2      | Reached skill level 3 in Stealth
   274 | D:2      | Reached skill level 4 in Stealth
   274 | D:2      | Reached XP level 2. HP: 14/14 MP: 3/3
   595 | D:3      | Reached skill level 5 in Stealth
   595 | D:3      | Reached XP level 3. HP: 13/17 MP: 4/4
   873 | D:3      | Reached skill level 6 in Stealth
   879 | D:3      | Slain by an adder

Skill      XL: |  1  2  3 |
---------------+----------+-----
Stealth        | 4 5 6 |  6.1
Fighting       | |  3.0
Dodging        | |  4.0
Unarmed Combat | |  3.0

Action                   || total
-------------------------++-------
Melee: Unarmed           ||    50
       Bite              ||     3
 Stab: Sleeping          ||     4
  Eat: Chunk             ||     2
Armor: Skin              ||     2
Dodge: Dodged            ||    35
